 Dungeon Crawl Stone Soup version 0.28-a0-726-g4a9143789a (webtiles) character file.

Game seed: 17374898318979055720

47 cheechan the Slasher (level 3, -1/45 HPs)
             Began as a Barachi Chaos Knight on Oct 27, 2021.
             Was a Plaything of Xom.
             Succumbed to an adder's poison
             ... on level 2 of the Dungeon.
             The game lasted 00:03:55 (965 turns).

cheechan the Slasher (Barachi Chaos Knight)          Turns: 965, Time: 00:03:55

Health: -1/45      AC: 21    Str: 14    XL:     3   Next: 70%
Magic:  3/3        EV:  2    Int: 12    God:    Xom [..*...]
Gold:   87         SH:  0    Dex: 11    Spells: 1/2 levels left

rFire   . . .      SeeInvis .   a - +0 falchion (chaos)
rCold   . . .      Faith    .   (no shield)
rNeg    . . .      Spirit   .   (armour currently unavailable)
rPois   +          Reflect  .   (helmet currently unavailable)
rElec   .          Harm     .   (cloak currently unavailable)
rCorr   .          Rampage  .   (gloves currently unavailable)
Will    .....      NoTele   +   (boots currently unavailable)
Stlth   +.........              (no amulet)
HPRegen 0.15/turn               (no ring)
MPRegen 0.08/turn               (no ring)

@: lethally poisoned (-1 -> -9), tree-form
A: stationary, stasis, torment immunity, boosted hp, (amphibious), (slowness 1),
(strong legs 1), +LOS
a: Renounce Religion


You were on level 2 of the Dungeon.
You worshipped Xom.
You were a toy of Xom.
You were a tree.
You visited 1 branch of the dungeon, and saw 2 of its levels.

You collected 87 gold pieces.

Inventory:

Hand Weapons
 a - a +0 falchion of chaos (weapon)
 c - a +1 dagger of venom
Missiles
 e - 42 stones
Armour
 b - a +2 leather armour (melded)
 g - a +0 buckler
Scrolls
 d - 4 scrolls of identify {unknown}


   Skills:
 + Level 4.2 Fighting
 + Level 4.5 Long Blades
 + Level 2.8 Armour
 + Level 1.5 Dodging
 + Level 0.5 Stealth


You had one spell level left.
You knew the following spells:

 Your Spells              Type           Power      Damage    Failure   Level
a - Magic Dart            Conj           0%         1d3       32%         1

Your spell library contained the following spells:

 Spells                   Type           Power      Damage    Failure   Level
 Beastly Appendage        Tmut           0%         N/A       32%         1
 Searing Ray              Conj           0%         2d4       45%         2
 Wereblood                Tmut           0%         N/A       45%         2
 Spider Form              Tmut/Pois      0%         N/A       69%         3
 Fulminant Prism          Conj/Hex       0%         3d6       97%         4


Dungeon Overview and Level Annotations

Branches:
Dungeon (2/15)

Altars:


Innate Abilities, Weirdness & Mutations

You are a tree.
Your roots penetrate the ground, keeping you stationary.
You cannot be teleported.
You are immune to unholy pain and torment.
Your maximum health is greatly increased.
Your equipment is partially melded.
((You are amphibious.))
((You cover ground slowly.))
((You can hop short distances.))
You have an extended range of vision and can be seen from far away.


Message History

The bat hits you but does no damage. The bat closely misses you.
The bat barely misses you. The bat hits you but does no damage.
You barely miss the bat.
The bat is heavily wounded.
The bat hits you but does no damage. The bat hits you but does no damage.
The bat hits you but does no damage. The bat barely misses you.
You closely miss the bat.
The bat is heavily wounded.
The bat barely misses you.
You hit the bat. You burn the bat.
You kill the bat!
You see here a bat corpse.
You start resting.
You are ready to hop once more.
You start resting. "Where it stops, nobody knows!"
Your surroundings suddenly seem different.
Found a ruby ring.
Found a stone staircase leading down.
An adder comes into view.
The adder hisses angrily.
The adder closely misses you. The adder bites you.
You are poisoned.
The adder poisons you!
Found a scroll labelled DUSUUSEDEACW.
You feel sick. The adder bites you but does no damage.
You feel sick. The adder bites you.
* * * LOW HITPOINT WARNING * * *
The adder barely misses you.
You miss the adder.
You feel sick. The adder bites you.
* * * LOW HITPOINT WARNING * * *
You are more poisoned.
The adder poisons you!
It was a potion of lignification.
You turn into a tree.
Your +2 leather armour melds into your body.
Your roots penetrate the ground.
You die...
Xom laughs nastily!

#. .......... ## #..
?......... ... ..
.......... #....
#.##..........
..#..##..##........
.........##......##.
#.............#.... ##
###......S=.....#
...#........♣....>#
..................##
......................
......................
.............##.(....#
............#...#....#
...............#....###
...........#.>....##
..................#


You could see an adder.

Vanquished Creatures
  2 adders (D:2)
  A worm (D:2)
  A dart slug (D:1)
  2 bats
  3 giant cockroaches (D:1)
  2 goblins
  2 hobgoblins (D:2)
  2 jackals (D:1)
  A kobold (D:1)
  4 ball pythons (D:1)
  A frilled lizard (D:1)
  3 rats (D:1)
24 creatures vanquished.

Notes
Turn   | Place    | Note
-------+----------+-------------------------------------------
     0 | D:1      | cheechan the Barachi Chaos Knight began the quest for the
                  | Orb.
     0 | D:1      | Reached XP level 1. HP: 18/18 MP: 1/1
   260 | D:1      | Reached XP level 2. HP: 25/25 MP: 2/2
   472 | D:1      | XOM: cloud trail
   485 | D:1      | Learned a level 1 spell: Magic Dart
   485 | D:1      | XOM: silly message
   774 | D:2      | Reached XP level 3. HP: 26/30 MP: 3/3
   860 | D:2      | XOM: smoke on damage
   951 | D:2      | XOM: 1-stop teleportation journey
   964 | D:2      | HP: 1/30 [adder (3)]
   965 | D:2      | Succumbed to an adder's poison

Illustrated notes

Levels and vault maps discovered:
D:1:      onia_arrival_mini_spirals, layout_basic, minmay_tetromino_l4
D:2:      layout_rooms

Skill      XL: |  1  2 |
---------------+-------+-----
Long Blades    | 4 |  4.5
Fighting       | 4 |  4.2
Armour         | |  2.8
Dodging        | |  1.5
Stealth        | |  0.5

Action                   || total
-------------------------++-------
Melee: Falchion          ||    73
 Abil: Hop               ||     1
  Use: Scroll            ||     1
       Potion            ||     1
Armor: Leather armour    ||    33
Dodge: Dodged            ||    71

Table legend: (Time is in decaauts)
 A = Elapsed time spent in this place.
 B = Non-inter-level travel time spent in this place.
 C = Inter-level travel time spent in this place.
 D = Time resting spent in this place.
 E = Time spent auto-exploring this place.
 F = Levels seen in this place.
 G = Mean time per level.
                   A        B        C        D        E       F      G
               +--------+--------+--------+--------+--------+-----+--------+
         Total |   1129 |   1129 |      0 |     68 |      0 |   2 |  564.5 |
       Dungeon |   1129 |   1129 |      0 |     68 |      0 |   2 |  564.5 |
               +--------+--------+--------+--------+--------+-----+--------+

Top non-repeatable levels by time:
     D:1: 909 daAuts
     D:2: 220 daAuts
